 Dungeon Crawl Stone Soup version 0.27.0-1-g7a089689b8 (webtiles) character file.

Game seed: 7118154437632006335

332 Verendum the Ducker (level 6, -2/44 HPs)
             Began as an Octopode Monk on Aug 5, 2021.
             Was a Believer of Makhleb.
             Killed from afar by an orc wizard (7 damage)
             ... with a puff of flame
             ... on level 3 of the Dungeon.
             The game lasted 00:04:04 (3981 turns).

Verendum the Ducker (Octopode Monk)                 Turns: 3981, Time: 00:04:05

Health: -2/44      AC:  3    Str: 12    XL:     6   Next: 52%
Magic:  6/6        EV: 14    Int: 13    God:    Makhleb [**....]
Gold:   48         SH:  0    Dex: 14    Spells: 5/5 levels left

rFire    . . .     SeeInvis .   h - +4 whip
rCold    . . .     Faith    .   (no shield)
rNeg     . . .     Spirit   .   (helmet restricted)
rPois    .         Reflect  .   (no amulet)
rElec    .         Harm     .   (no ring)
rCorr    .         Rampage  .   (no ring)
Will     .....                  (no ring)
Stlth    +++.......             (no ring)
HPRegen  0.14/turn              (no ring)
MPRegen  0.10/turn              (no ring)
                                (no ring)
                                (no ring)

@: no status effects
A: almost no armour, amphibious, 8 rings, camouflage 1, gelatinous body 1,
(nimble swimmer 1), tentacles, iridescent scales 1, high mp 1
a: Renounce Religion, Minor Destruction


You were on level 3 of the Dungeon.
You worshipped Makhleb.
Makhleb was pleased with you.
You visited 2 branches of the dungeon, and saw 5 of its levels.

You collected 48 gold pieces.

Inventory:

Hand Weapons
 h - a +4 whip (weapon)
Wands
 k - a wand of acid (6)
Scrolls
 b - a scroll of identify {unknown}
 c - a scroll of fear {unknown}
 g - a scroll of holy word {unknown}
 j - a scroll of enchant weapon {unknown}
 m - a scroll of noise {unknown}
 n - a scroll of teleportation {unknown}
Potions
 e - a potion of ambrosia


   Skills:
 + Level 4.3 Fighting
 * Level 3.7 Maces & Flails
 + Level 4.3 Dodging
 - Level 2.6 Stealth
 - Level 3.6 Unarmed Combat


You had 5 spell levels left.
You didn't know any spells.
Your spell library contained the following spells:

 Spells                   Type           Power      Damage    Failure   Level
 Magic Dart               Conj           0%         1d3       30%         1
 Call Imp                 Summ           0%         N/A       43%         2
 Mephitic Cloud           Conj/Pois/Air  0%         N/A       67%         3


Dungeon Overview and Level Annotations

Branches:
Dungeon (4/15)             Temple (1/1) D:4

Altars:
Ashenzari
Cheibriados
Dithmenos
Elyvilon
Fedhas
Gozag
Kikubaaqudgha
Makhleb
Nemelex Xobeh
Okawaru
Qazlal
Ru
Sif Muna
Trog
Uskayaw
Vehumet
Wu Jian
Xom
Yredelemnul
Zin
The Shining One


Innate Abilities, Weirdness & Mutations

You cannot wear most types of armour.
You are amphibious.
You can wear up to eight rings at the same time.
Your skin changes colour to match your surroundings (Stealth+).
Your rubbery body absorbs attacks. (AC +1, EV +1)
((You are camouflaged near water. (Stealth+)))
You have tentacles for arms and can constrict up to eight enemies at once.
You are partially covered in iridescent scales. (AC +2)
You have an increased reservoir of magic. (+10% MP)


Message History

You hit the orc. Your grab misses the orc. You tentacle-slap the orc.
You kill the orc!
Makhleb accepts your kill.
You feel better.
You completely miss something.
You hear some strange, mumbled words.
You are confused.
You bump into the rock wall.
Something hits you.
You bump into the rock wall.
You hear some strange, mumbled words.
Something tries to affect you, but you resist.
You bump into the rock wall.
Something hits you.
You bump into the rock wall.
Something hits you.
You barely miss something. Your squeeze misses something.
An orc wizard appears from thin air!
Reactivating autopickup.
The orc wizard hits you with a +0 dagger.
You bump into the rock wall.
The orc wizard gestures wildly while chanting.
The orc wizard flickers and vanishes!
Deactivating autopickup; reactivate with Ctrl-A.
You hit something. Your squeeze misses something. Something hits you.
You bump into the rock wall.
You feel less confused. Something hits you.
You miss something. Something hits you.
You barely miss something. Something hits you.
* * * LOW HITPOINT WARNING * * *
You barely miss something.
It was a potion of mutation.
You feel extremely strange.
You feel more energetic.
Iridescent scales grow over part of your body.
Something hits you.
* * * LOW HITPOINT WARNING * * *
You hit something but do no damage. Something hits you.
* * * LOW HITPOINT WARNING * * *
You hear some strange, mumbled words.
A puff of flame appears from out of thin air!
The puff of flame hits you!
You die...

#....####.###
##.#### ..# ##..#
.# ## ##..## .#
.######..##
....#...#####
#.........###
##..#####.(.#####
#.## ###g{.@.#
###..### #####..#
#g.....# #...!
........ ###.#
........ #
....o....
......o..#
.....oo..#
........


You could see a hobgoblin.

Vanquished Creatures
  A necrophage (D:4)
  A phantom (D:4)
  A bullfrog zombie (D:4)
  3 howler monkey skeletons (D:4)
  3 adders
  A worm (D:2)
  2 dart slugs
  6 orcs
  7 ball pythons
  2 bats
  4 endoplasms
  4 giant cockroaches
  6 goblins
  4 hobgoblins
  4 jackals (D:4)
  11 kobolds
  2 quokkas
  3 frilled lizards
  4 rats (D:1)
69 creatures vanquished.

Notes
Turn   | Place    | Note
-------+----------+-------------------------------------------
     0 | D:1      | Verendum the Octopode Monk began the quest for the Orb.
     0 | D:1      | Reached XP level 1. HP: 16/16 MP: 1/1
   329 | D:1      | Reached XP level 2. HP: 21/21 MP: 2/2
   942 | D:2      | Found a glowing silver altar of Zin.
   946 | D:2      | Reached XP level 3. HP: 26/26 MP: 3/3
   963 | D:2      | Found a faded altar of an unknown god.
  1602 | D:2      | Reached skill level 1 in Maces & Flails
  1864 | D:3      | Reached XP level 4. HP: 31/31 MP: 4/4
  1988 | D:4      | Noticed an ogre
  2418 | D:4      | Found a staircase to the Ecumenical Temple.
  2431 | Temple   | Entered the Ecumenical Temple
  3068 | Temple   | Became a worshipper of Makhleb the Destroyer
  3068 | Temple   | Reached * piety under Makhleb
  3068 | Temple   | Reached ** piety under Makhleb
  3220 | D:4      | Noticed a phantom
  3225 | D:4      | Reached XP level 5. HP: 31/37 MP: 5/5
  3260 | D:4      | Killed a phantom
  3261 | D:4      | Reached XP level 6. HP: 25/43 MP: 6/6
  3566 | D:4      | Noticed a necrophage
  3572 | D:4      | Killed a necrophage
  3979 | D:3      | Gained mutation: You have an increased reservoir of magic.
                  | (+10% MP) [potion of mutation]
  3979 | D:3      | Gained mutation: You are partially covered in iridescent
                  | scales. (AC +2) [potion of mutation]
  3981 | D:3      | Killed from afar by an orc wizard

Illustrated notes

Levels and vault maps discovered:
D:1:      zaba_arrival_water, layout_basic
D:2:      layout_basic, hellmonk_ecumenical_altar_crossroads, basic_altar,
          minmay_between
D:3:      layout_rooms
D:4:      layout_basic, minmay_temple_entry_nine_rooms
Temple:   nicolae_temple_the_god_donut

Skill      XL: |  1  2  3  4  5 |
---------------+----------------+-----
Maces & Flails | 1 2 3 |  3.7
Fighting       | 4 |  4.3
Dodging        | 4 |  4.3
Stealth        | |  2.6
Unarmed Combat | |  3.6

Action                   |  1- 3 |  4- 6 || total
-------------------------+-------+-------++-------
Melee: Unarmed           |    40 |       ||    40
       Constrict         |    16 |    12 ||    28
       Tentacles         |    16 |    10 ||    26
       Punch             |     5 |     3 ||     8
       Whip              |    31 |    90 ||   121
  Use: Potion            |       |     8 ||     8
 Stab: Sleeping          |    15 |     6 ||    21
       Distracted        |     1 |       ||     1
Armor: Skin              |     2 |    21 ||    23
Dodge: Dodged            |    29 |    46 ||    75
